AoeStats
← Zero Vitae

Arena

510239614Analyzed
1v1 RM · 1d ago on Sep 30, 2026· 30m 7s· 2 players
Game mode
Random Map
Map size
Tiny (2 player)
Population
200
Speed
Normal
Resources
Standard
Victory
Conquest
Starting age
Dark Age
Ending age
Imperial Age
RankedLock teamsTeams togetherTeam positionsShared explorationLock speedFull tech treeHidden civsTurbo modeCheats
Victory
Defeat
🇨🇦 Danes · Canada
1073
+15
🇨🇴 Persians · Colombia
1052
-15
Zero Vitae
10:53 Feudal Age
16:15 Castle Age
14:52 Forging
18:34 Stone Mining
18:31 Loom
18:38 Loom
19:31 Fletching
20:08 Double-Bit Axe
21:04 Bodkin Arrow
23:10 Ballistics
25:48 Scale Barding Armor
30:20 Wheelbarrow
Bloo🐟
10:51 Feudal Age
11:06 Feudal Age
15:22 Castle Age
18:22 Double-Bit Axe
18:20 Horse Collar
20:55 Bow Saw
Connection lost

Rejoining the realm…

Still unreachable

The connection could not be restored.

Session expired

The server has moved on; the page needs a fresh start.